 Dungeon Crawl Stone Soup version 0.29-a0-352-g0917bc69df (webtiles) character file.

Game seed: 5974934417833019997

1613 spaghetti the Ducker (level 8, 0/80 HPs)
             Began as a Troll Berserker on Apr 24, 2022.
             Was a Priest of Trog.
             Slain by a killer bee (4 damage)
             ... on level 5 of the Dungeon.
             The game lasted 00:06:11 (3045 turns).

spaghetti the Ducker (Troll Berserker)              Turns: 3045, Time: 00:06:12

Health: 0/80       AC:  4    Str: 26    XL:     8   Next: 64%
Magic:  7/7        EV: 12    Int:  3    God:    Trog [***...]
Gold:   212        SH:  0    Dex: 11    Spells: 7/7 levels left

rFire   . . .      SeeInvis .     - Unarmed
rCold   . . .      Faith    .   (no shield)
rNeg    . . .      Spirit   .   a - +0 animal skin
rPois   .          Reflect  .   (helmet restricted)
rElec   .          Harm     .   (no cloak)
rCorr   .          Rampage  .   (gloves unavailable)
Will    ++...                   (boots unavailable)
Stlth   +.........              (no amulet)
HPRegen 2.03/turn               (no ring)
MPRegen 0.10/turn               (no ring)

@: strong-willed, on berserk cooldown, regenerating, slowed, very slow
A: large, unfitting armour, claws 3, regeneration 1, shaggy fur 1, tough skin 1
a: Renounce Religion, Berserk, Trog's Hand


You were on level 5 of the Dungeon.
You worshipped Trog.
Trog was most pleased with you.
You visited 1 branch of the dungeon, and saw 5 of its levels.

You collected 212 gold pieces.


Innate Abilities, Weirdness & Mutations

You are too large for most types of armour.
You have claws for hands.
Your natural rate of healing is unusually fast.
You are covered in fur. (AC +1)
You have tough skin. (AC +1)


   Skills:
 + Level 5.1 Fighting
 * Level 7.0 Dodging
 + Level 6.2 Unarmed Combat


You had 7 spell levels left.
You didn't know any spells.
Your spell library contained the following spells:

 Spells                   Type           Power      Damage    Failure   Level
 Summon Small Mammal      Summ           0%         N/A       52%         1
 Call Canine Familiar     Summ           0%         N/A       88%         3
 Ozocubu's Armour         Ice            0%         N/A       88%         3
 Summon Guardian Golem    Hex/Summ       0%         N/A       88%         3
 Ozocubu's Refrigeration  Ice            0%         4d5       100%        7

Inventory:

Missiles
 c - 158 stones (quivered) {throwing}
 k - 9 boomerangs {throwing}
Armour
 a - a +0 animal skin (worn)
Jewellery
 p - a ring of protection from fire
   (You found it on level 4 of the Dungeon)
Wands
 q - a wand of charming (6)
   (You took it off Ijyb on level 4 of the Dungeon)
 r - a wand of flame (4)
   (You found it on level 4 of the Dungeon)
Scrolls
 d - a scroll of enchant armour {unknown}
 f - 9 scrolls of identify {unknown}
 i - 4 scrolls of teleportation {unknown}
 l - a scroll of fear {unknown}
 o - a scroll of enchant weapon {unknown}
 s - a scroll of amnesia {unknown}
 t - a scroll of magic mapping {unknown}
Potions
 b - a potion of brilliance {unknown}
 e - a potion of cancellation {unknown}
 g - a potion of magic {unknown}
 h - a potion of heal wounds {unknown}
 j - a potion of mutation {unknown}
 m - 2 potions of haste {unknown}
 n - 3 potions of curing {unknown}
 u - a potion of lignification {unknown}

Dungeon Overview and Level Annotations

Branches:
Dungeon (5/15)             Temple (0/1) D:4

Altars:
Hepliaklqana

Shops:
D:2 * D:5

[? .....###.#.#.# .....#
#.#.#.# ...>.###.....#
####.##......# ##
#.##......+
.###.##.†....#####
.##.......+#.#...# .
..#.......+......# ...
#.#.......##....@####....
#.##'############yS......
#..#.## #....l.......
#.....# #.#...#......
#.....# #...#.)....
#.....# #...# ...##
#.....# #...# .....
#.....# ....# <...
####+## ...... .##.


You could see an iguana, a killer bee and an adder.


Message History

Unknown command.
Unknown command.
You miss the killer bee.
You feel very sick.
The killer bee stings you but does no damage. 😨 HP[-3]
You take 3 damage, and now have 57/120 hp.
You mangle the killer bee!!
You kill the killer bee!
Trog accepts your kill.
You feel very sick.
Your Dodging skill increases to level 7! 😨 HP[-2]
You take 2 damage, and now have 55/120 hp.
You barely miss the killer bee.
You feel very sick.
The killer bee barely misses you. 😨 HP[-2]
You take 2 damage, and now have 53/120 hp.
You barely miss the killer bee.
You feel sick. The killer bee barely misses you.
The killer bee closely misses you. 😨 HP[-2]
You take 2 damage, and now have 51/120 hp.
You closely miss the killer bee.
You feel sick.
The killer bee barely misses you. 😨 HP[-1]
You take 1 damage, and now have 50/120 hp.
You barely miss the killer bee.
You feel sick.
The killer bee closely misses you. 😨 HP[-1]
You take 1 damage, and now have 49/120 hp.
You closely miss the killer bee.
You feel sick. The killer bee stings you.
* * * LOW HITPOINT WARNING * * *
😨 HP[-6]
You take 6 damage, and now have 43/120 hp.
You miss the killer bee.
You feel sick. The killer bee stings you.
* * * LOW HITPOINT WARNING * * *
😨 HP[-4]
You take 4 damage, and now have 39/120 hp.
You closely miss the killer bee.
You are no longer berserk.
You are exhausted.
You feel yourself slow down.
You feel sick. The killer bee misses you. 😨 HP[-14]
You now have 80 max hp (-40).
Unknown command.
Your skin crawls.
You feel strong-willed.
You feel very sick. The killer bee stings you.
* * * LOW HITPOINT WARNING * * *
The killer bee closely misses you. The killer bee misses you. 😨 HP[-1]
You take 1 damage, and now have 24/80 hp.
You closely miss the killer bee.
You feel sick. The killer bee barely misses you.
The killer bee stings you but does no damage.
The killer bee misses you. 😨 HP[+2]
You regained 2 hp, and now have 26/80 hp.
You barely miss the killer bee.
You feel the effects of Trog's Hand fading.
You feel sick. The killer bee barely misses you. The killer bee stings you.
* * * LOW HITPOINT WARNING * * *
The killer bee misses you. 😨 HP[-2]
You take 2 damage, and now have 24/80 hp.
You barely miss the killer bee.
You feel sick. The killer bee barely misses you.
The killer bee closely misses you.
You barely miss the killer bee.
You feel sick.
You are no longer poisoned.
The killer bee stings you.
* * * LOW HITPOINT WARNING * * *
The killer bee stings you.
* * * LOW HITPOINT WARNING * * *
The killer bee closely misses you. 😱 HP[-5]
You take 5 damage, and now have 19/80 hp.
You claw the killer bee! Your claw misses the killer bee.
Your skin stops crawling.
You feel less strong-willed. The killer bee stings you.
* * * LOW HITPOINT WARNING * * *
The killer bee stings you.
* * * LOW HITPOINT WARNING * * *
😱 HP[-8]
You take 8 damage, and now have 11/80 hp.
Your skin crawls.
You feel strong-willed. The killer bee stings you.
* * * LOW HITPOINT WARNING * * *
The killer bee closely misses you. The killer bee stings you.
* * * LOW HITPOINT WARNING * * *
😱 HP[-3]
You take 3 damage, and now have 8/80 hp.
You barely miss the killer bee. The killer bee barely misses you.
The killer bee stings you!
* * * LOW HITPOINT WARNING * * *
The killer bee stings you.
You die...

Skill      XL: |  1  2  3  4  5  6  7  8 |
---------------+-------------------------+-----
Dodging        | 3 4 5 6 7 |  7.0
Fighting       | 3 4 5 |  5.1
Unarmed Combat | 4 5 6 |  6.2

Action                   |  1- 3 |  4- 6 |  7- 9 || total
-------------------------+-------+-------+-------++-------
Melee: Unarmed           |    57 |    98 |   127 ||   282
       Punch             |     1 |     1 |     3 ||     5
Throw: Stone             |    47 |    12 |    10 ||    69
Invok: Berserk           |       |     2 |     6 ||     8
       Trog's Hand       |       |       |     2 ||     2
Armor: Animal skin       |    15 |    25 |    20 ||    60
Dodge: Dodged            |    17 |    35 |    93 ||   145

Levels and vault maps discovered:
D:1:      scummos_arrival_checkerplants, layout_rooms,
          hellmonk_ecumenical_altar_leap_of_faith
D:2:      layout_basic, serial_shops, nicolae_shop_stone
D:3:      layout_loops_ring, st_stairs_10, uniq_sigmund
D:4:      layout_rooms, nicolae_hepliaklqana_ecumenical_no_more, temple_doors_e,
          serial_curves, eino_curves_01, eino_curves_04, eino_curves_01,
          corner_web_ring, uniq_duvessa, uniq_edmund, uniq_ijyb,
          uniq_blork_the_orc
D:5:      layout_basic, general_overflow_altar, nicolae_qazlal_eye_of_the_storm,
          serial_shops, shop_fountains, kennysheep_mini,
          amcnicky_mini_pool_medium, uniq_menkaure

Notes
Turn   | Place    | Note
-------+----------+-------------------------------------------
     0 | D:1      | spaghetti the Troll Berserker began the quest for the Orb.
     0 | D:1      | Reached XP level 1. HP: 22/22 MP: 0/0
     0 | D:1      | magus.rc [v1.9.6]
    66 | D:1      | Reached XP level 2. HP: 29/29 MP: 1/1
   237 | D:1      | You add the spells Ozocubu's Armour and Ozocubu's
                  | Refrigeration to your library.
   316 | D:1      | Found a faded altar of an unknown god.
   330 | D:1      | Reached skill level 3 in Dodging
   391 | D:1      | You pick up a book of Callings {forbidden} and begin
                  | reading...
   391 | D:1      | You add the spells Summon Small Mammal, Call Canine
                  | Familiar and Summon Guardian Golem to your library.
   437 | D:1      | Reached ** piety under Trog
   578 | D:2      | Reached XP level 3. HP: 36/36 MP: 2/2
   599 | D:2      | Found Aloruoro's General Store.
   893 | D:2      | Reached XP level 4. HP: 44/44 MP: 3/3
  1144 | D:3      | Reached skill level 3 in Fighting
  1622 | D:3      | Noticed Sigmund
  1646 | D:3      | HP: 15/67 [something (7)]
  1648 | D:3      | Killed Sigmund
  1649 | D:3      | Reached skill level 4 in Dodging
  1649 | D:3      | Reached skill level 4 in Unarmed Combat
  1649 | D:3      | Reached XP level 5. HP: 19/53 MP: 4/4
  1820 | D:4      | Noticed Edmund
  1828 | D:4      | Killed Edmund
  1829 | D:4      | Reached XP level 6. HP: 61/61 MP: 5/5
  2052 | D:4      | Reached skill level 5 in Dodging
  2052 | D:4      | Reached XP level 7. HP: 68/68 MP: 6/6
  2082 | D:4      | Reached skill level 4 in Fighting
  2129 | D:4      | Noticed Ijyb
  2137 | D:4      | Noticed Blork the orc
  2149 | D:4      | Killed Ijyb
  2151 | D:4      | HP: 20/105 [Blork the orc/+0 trident (9)]
  2153 | D:4      | Killed Blork the orc
  2154 | D:4      | Reached skill level 5 in Unarmed Combat
  2163 | D:4      | HP: 15/70 [hound (5)]
  2291 | D:4      | Noticed Dowan
  2292 | D:4      | Noticed Duvessa
  2304 | D:4      | Killed Duvessa
  2316 | D:4      | Killed Dowan
  2323 | D:4      | Found a staircase to the Ecumenical Temple.
  2502 | D:4      | Found a faded altar of an unknown god.
  2502 | D:4      | Found a faded altar of an unknown god.
  2502 | D:4      | Found a faded altar of an unknown god.
  2504 | D:4      | Found a hazy altar of Hepliaklqana.
  2717 | D:5      | Entered Level 5 of the Dungeon
  2726 | D:5      | Reached skill level 6 in Dodging
  2762 | D:5      | Reached XP level 8. HP: 79/79 MP: 7/7
  2806 | D:5      | Found Toschidon's Magic Scroll Shop.
  2818 | D:5      | Reached *** piety under Trog
  2879 | D:5      | Noticed Menkaure
  2883 | D:5      | Killed Menkaure
  2884 | D:5      | Reached skill level 6 in Unarmed Combat
  2887 | D:5      | Found Onialu's Antique Armour Emporium.
  2971 | D:5      | Reached skill level 5 in Fighting
  3031 | D:5      | Reached skill level 7 in Dodging
  3042 | D:5      | HP: 19/80 [killer bee (6)]
  3044 | D:5      | HP: 8/80 [killer bee (3)]
  3045 | D:5      | Slain by a killer bee

Vanquished Creatures
  Sigmund (D:3)
  Menkaure (D:5)
  Edmund (D:4)
  Duvessa (D:4)
  A black bear (D:5)
  A phantom (D:4)
  Blork the orc (D:4)
  2 scorpions (D:5)
  A necrophage (D:5)
  Dowan (D:4)
  4 killer bees (D:5)
  A gnoll shaman (D:4)
  5 hounds
  3 iguanas
  Ijyb (D:4)
  An orc wizard (D:5)
  5 gnolls (D:4)
  5 adders
  An ufetubus (D:4)
  2 worms
  3 dart slugs
  3 orcs (D:5)
  4 bats
  6 endoplasms
  4 giant cockroaches
  9 goblins
  6 hobgoblins
  6 kobolds
  2 quokkas
  4 ball pythons (D:1)
  3 frilled lizards
  A rat (D:3)
90 creatures vanquished.

Table legend:
 A = Non-vault XP
 B = Vault XP
 C = Vault XP percentage of total XP
 D = Non-vault monster count
 E = Vault monster count
 F = Vault count percentage of total count
                 A         B        C        D         E       F
            +---------+---------+-------+---------+---------+-------
      Total |    1123 |    1182 |  51.3 |      75 |      15 |  16.7
            +---------+---------+-------+---------+---------+-------
        D:1 |      39 |       0 |   0.0 |      21 |       0 |   0.0
        D:2 |      65 |       0 |   0.0 |      13 |       0 |   0.0
        D:3 |      31 |     244 |  88.7 |       9 |       5 |  35.7
        D:4 |     396 |     518 |  56.7 |      19 |       5 |  20.8
        D:5 |     592 |     420 |  41.5 |      13 |       5 |  27.8
            +---------+---------+-------+---------+---------+-------

Illustrated notes

Table legend:
 A = Kills in this place as a percentage of kills in entire the game.
 B = Kills by you in this place as a percentage of kills by you in the entire game.
 C = Kills by friends in this place as a percentage of kills by friends in the entire game.
 D = Other kills in this place as a percentage of other kills in the entire game.
 E = Experience gained in this place as a percentage of experience gained in the entire game.
 F = Experience gained in this place divided by the number of levels of this place that you have seen.
                   A       B       C       D       E      F
               +-------+-------+-------+-------+-------+----------------------
         Total | 100.0 | 100.0 |   N/A |   N/A | 100.0 | 461.0
       Dungeon | 100.0 | 100.0 |   N/A |   N/A | 100.0 | 461.0
               +-------+-------+-------+-------+-------+----------------------

Table legend: (Time is in decaauts)
 A = Elapsed time spent in this place.
 B = Non-inter-level travel time spent in this place.
 C = Inter-level travel time spent in this place.
 D = Time resting spent in this place.
 E = Time spent auto-exploring this place.
 F = Levels seen in this place.
 G = Mean time per level.
                   A        B        C        D        E       F      G
               +--------+--------+--------+--------+--------+-----+--------+
         Total |   3087 |   3029 |     58 |    297 |   2143 |   5 |  617.4 |
       Dungeon |   3087 |   3029 |     58 |    297 |   2143 |   5 |  617.4 |
               +--------+--------+--------+--------+--------+-----+--------+

Top non-repeatable levels by time:
     D:4: 924 daAuts
     D:3: 698 daAuts
     D:2: 572 daAuts
     D:1: 557 daAuts
     D:5: 334 daAuts
